 Dungeon Crawl Stone Soup version 0.26-a0-810-ge1a9524b62 (webtiles) character file.

Game seed: 3793053741429658093

50 Sun the Ruffian (level 3, -10/29 HPs)
             Began as a Demigod Warper on Nov 12, 2020.
             Mangled by Sigmund
             ... wielding a +0 scythe
              (13 damage)
             ... on level 2 of the Dungeon.
             The game lasted 00:02:41 (1952 turns).

Sun the Ruffian (Demigod Warper)                    Turns: 1952, Time: 00:02:41

Health: -10/29     AC:  3    Str: 16    XL:     3   Next: 35%
Magic:  8/8        EV: 16    Int: 17    God:
Gold:   76         SH:  0    Dex: 15    Spells: 3/5 levels left

rFire    . . .     SeeInvis .     - Unarmed
rCold    . . .     Faith    .   (no shield)
rNeg     . . .     Spirit   .   a - +0 leather armour
rPois    .         Reflect  .   (no helmet)
rElec    .         Harm     .   (no cloak)
rCorr    .         Rampage  .   (no gloves)
MR       .....                  (no boots)
Stlth    ..........             g - amulet of regeneration
HPRegen  0.49/turn              b - ring of attention (curse)
MPRegen  0.11/turn              l - +4 ring of evasion

@: attractive, hasted, very quick
A: high mp 1
a: no special abilities


You were on level 2 of the Dungeon.
You visited 1 branch of the dungeon, and saw 2 of its levels.

You collected 76 gold pieces.

Inventory:

Missiles
 d - 5 boomerangs of dispersal (quivered)
 h - 31 poisoned darts
 j - 3 boomerangs
Armour
 a - a +0 leather armour (worn)
Jewellery
 b - a cursed ring of attention (left hand)
 g - an amulet of regeneration (around neck)
 l - a +4 ring of evasion (right hand)
Scrolls
 c - 2 scrolls of blinking
 i - a scroll of enchant armour {unknown}
 m - a scroll of identify {unknown}
Potions
 e - a potion of haste
 f - a potion of attraction
 k - a potion of curing {unknown}


   Skills:
 + Level 2.3 Fighting
 - Level 0.8 Throwing
 + Level 1.7 Armour
 - Level 1.7 Dodging
 * Level 2.8 Unarmed Combat
 - Level 1.7 Spellcasting
 - Level 2.6 Translocations


You had 3 spell levels left.
You knew the following spells:

 Your Spells              Type           Power        Failure   Level
a - Blink                 Tloc           N/A          12%         2

Your spell library contained the following spells:

 Spells                   Type           Power        Failure   Level
 Gell's Gravitas          Tloc           ##........   24%         3
 Lesser Beckoning         Tloc           ##........   24%         3
 Teleport Other           Tloc           ##......     24%         3
 Passage of Golubria      Tloc           N/A          63%         4


Dungeon Overview and Level Annotations

Branches:
Dungeon (2/15)

Annotations:
D:2 Sigmund


Innate Abilities, Weirdness & Mutations

You have an increased reservoir of magic. (+10% MP)


Message History

You feel less confused. Sigmund completely misses you.
Sigmund casts a spell.
Sigmund flickers and vanishes!
Deactivating autopickup; reactivate with Ctrl-A.
A puff of flame appears from out of thin air!
The puff of flame hits you!
There is an open door here.
As you close the door, it creaks loudly!
Something unseen opens the door.
A magic dart appears from out of thin air!
The magic dart hits you.
It was a potion of haste.
You feel yourself speed up.
A magic dart appears from out of thin air!
The magic dart hits you!
* * * LOW HITPOINT WARNING * * *
It was a potion of attraction.
You feel attractive to monsters. Something is pulled toward you!
Something hits you!
You die...

........................>..#
#######....................#
#....................#
#....................#
#..........#+#####+#.#
.......##'##### #####.#.#
.....####.# #.......#
#.....# #.# #.......# ......
#@# #.......# ......
#.#####+#.†.....## ...
#..........###...#
#..........# #.#.#
#..........# #..†#
#>.........# ##..#
#..........# #...
##.........# ##..
#.........# #..


There were no monsters in sight!

Vanquished Creatures
  An adder (D:2)
  An ooze (D:1)
  A worm (D:2)
  A leopard gecko (D:2)
  2 giant cockroaches (D:1)
  5 hobgoblins
  3 kobolds (D:1)
  A ball python (D:1)
  4 bats
  A frilled lizard (D:2)
  3 goblins
  14 rats
37 creatures vanquished.

Notes
Turn   | Place    | Note
-------+----------+-------------------------------------------
     0 | D:1      | Sun the Demigod Warper began the quest for the Orb.
     0 | D:1      | Reached XP level 1. HP: 17/17 MP: 5/5
   121 | D:1      | Reached skill level 1 in Armour
   956 | D:1      | Reached XP level 2. HP: 24/24 MP: 7/7
  1347 | D:2      | Noticed Sigmund
  1596 | D:2      | Reached XP level 3. HP: 23/29 MP: 8/8
  1598 | D:2      | Noticed an ogre
  1827 | D:2      | Learned a level 2 spell: Blink
  1952 | D:2      | Mangled by Sigmund

Illustrated notes

Levels and vault maps discovered:
D:1:      dpeg_arrival_lava_temple_mockup, layout_basic, minmay_rat_gold_closets
D:2:      layout_basic, overflow_temple_1_default, uniq_jessica, uniq_sigmund

Skill      XL: |  1 |
---------------+----+-----
Armour         | 1 |  1.7
Unarmed Combat | 2 |  2.8
Fighting       | 2 |  2.3
Throwing       | |  0.8
Dodging        | |  1.7
Spellcasting   | |  1.7
Translocations | |  2.6

Action                   || total
-------------------------++-------
Melee: Unarmed           ||   199
       Punch             ||     3
  Use: Potion            ||     2
Armor: Leather armour    ||    56
Dodge: Dodged            ||   162

Table legend: (Time is in decaauts)
 A = Elapsed time spent in this place.
 B = Non-inter-level travel time spent in this place.
 C = Inter-level travel time spent in this place.
 D = Time resting spent in this place.
 E = Time spent auto-exploring this place.
 F = Levels seen in this place.
 G = Mean time per level.
                   A        B        C        D        E       F      G
               +--------+--------+--------+--------+--------+-----+--------+
         Total |   1944 |   1823 |    121 |    225 |   1224 |   2 |  972.0 |
       Dungeon |   1944 |   1823 |    121 |    225 |   1224 |   2 |  972.0 |
               +--------+--------+--------+--------+--------+-----+--------+

Top non-repeatable levels by time:
     D:1: 1658 daAuts
     D:2: 285 daAuts
